AoeStats
← Noroad

Glade

510308019Analyzed
1v1 RM · 2d ago on Sep 30, 2026· 16m 27s· 2 players
Game mode
Random Map
Map size
Tiny (2 player)
Population
200
Speed
Normal
Resources
Standard
Victory
Conquest
Starting age
Dark Age
Ending age
Imperial Age
RankedLock teamsTeams togetherTeam positionsShared explorationLock speedFull tech treeHidden civsTurbo modeCheats
Victory
Defeat
🇺🇸 Malians · United States
1404
+15
🇨🇳 Danes · China
1386
-15
Noroad
9:10 Loom
11:53 Feudal Age
15:58 Castle Age
E_BrightBlade
8:13 Loom
10:35 Feudal Age
10:38 Man-at-Arms
11:31 Arson
12:59 Forging
14:07 Scale Mail Armor
14:34 Double-Bit Axe
Connection lost

Rejoining the realm…

Still unreachable

The connection could not be restored.

Session expired

The server has moved on; the page needs a fresh start.